 Dungeon Crawl Stone Soup version 0.26.1-11-gd32895ea62 (webtiles) character file.

Game seed: 16067568851468186929

37 Tirrikindir the Ducker (level 3, -2/26 HPs)
             Began as an Octopode Fighter on May 12, 2021.
             Slain by a worm (10 damage)
             ... on level 2 of the Dungeon.
             The game lasted 00:04:03 (1448 turns).

Tirrikindir the Ducker (Octopode Fighter)           Turns: 1448, Time: 00:04:04

Health: -2/26      AC:  1    Str: 16    XL:     3   Next: 39%
Magic:  3/3        EV: 11    Int: 10    God:
Gold:   121        SH:  8    Dex: 11    Spells: 2/2 levels left

rFire    . . .     SeeInvis .   a - +0 long sword
rCold    . . .     Faith    .   b - +0 kite shield
rNeg     + . .     Spirit   .   (helmet restricted)
rPois    .         Reflect  .   (no amulet)
rElec    .         Harm     .   e - ring of positive energy
rCorr    .         Rampage  .   m - ring of flight
Will     .....                  (no ring)
Stlth    +++.......             (no ring)
HPRegen  0.08/turn              (no ring)
MPRegen  0.08/turn              (no ring)
                                (no ring)
                                (no ring)

@: no status effects
A: almost no armour, stealthy swim, amphibious, 8 rings, constrict 8, camouflage
1, gelatinous body 1
a: Evoke Flight


You were on level 2 of the Dungeon.
You visited 1 branch of the dungeon, and saw 2 of its levels.

You collected 121 gold pieces.

Inventory:

Hand Weapons
 a - a +0 long sword (weapon)
 k - a +0 short sword
Armour
 b - a +0 kite shield (worn)
Jewellery
 e - a ring of positive energy (left tentacle)
 m - a ring of flight (right tentacle)
Scrolls
 i - a scroll of random uselessness {unknown}
 l - a scroll of identify
Potions
 c - 2 potions of might
 d - 2 potions of heal wounds
 f - a potion of attraction {unknown}
 g - a potion of ambrosia {unknown}
 h - a potion of curing {unknown}
 j - a potion of magic {unknown}


   Skills:
 + Level 3.2 Fighting
 * Level 2.6 Long Blades
 + Level 3.2 Dodging
 + Level 1.5 Stealth
 + Level 3.2 Shields


You had 2 spell levels left.
You didn't know any spells.
Your spell library was empty.

Dungeon Overview and Level Annotations

Branches:
Dungeon (2/15)

Altars:
Ashenzari


Innate Abilities, Weirdness & Mutations

You cannot wear most types of armour.
You are very stealthy in the water. (Stealth+)
You are amphibious.
You can wear up to eight rings at the same time.
You can use your tentacles to constrict eight enemies at once.
Your skin changes colour to match your surroundings (Stealth+).
Your rubbery body absorbs attacks. (AC +1, EV +1)


Message History

You kill the jackal!
You block the jackal's attack. The hobgoblin barely misses you.
You riposte.
You closely miss the hobgoblin. Your grab misses the hobgoblin.
You block the worm's attack.
You closely miss the jackal. Your grab misses the jackal.
The hobgoblin hits you with a +0 spear. You block the jackal's attack.
The jackal bites you.
* * * LOW HITPOINT WARNING * * *
The jackal bites you.
* * * LOW HITPOINT WARNING * * *
The worm barely misses you. You block the hobgoblin's attack.
You feel much better. The jackal barely misses you.
The jackal closely misses you. The hobgoblin hits you with a +0 spear.
You closely miss the jackal. Your grab misses the jackal. The jackal bites you.
You block the jackal's attack.
The jackal bites you. x2; The worm bites you.
The hobgoblin hits you with a +0 spear.
You barely miss the jackal. Your grab misses the jackal. The jackal bites you.
You block the jackal's attack. The hobgoblin barely misses you.
The jackal bites you. The jackal barely misses you. The worm bites you!
You die...

#............## ###
#..####.####..###
#..##..)..##.... #
##.#.......#..# ##
#.#.......#..#
#####.
#....._.....# .
#.....
#.#.......#(# ...
#.####
#.#.......#h##.....
# ##.....##@h.....#
###.####gw....##
.... .K.....# #####
........#
.........#
#.........#
#.........#
#.........#


You could see a worm, 2 jackals, a hobgoblin and a kobold.

Vanquished Creatures
  An ooze (D:1)
  A worm (D:2)
  A leopard gecko (D:2)
  4 bats
  5 goblins
  3 hobgoblins (D:1)
  3 jackals
  A quokka (D:2)
  3 frilled lizards
  2 kobolds (D:2)
  3 rats (D:2)
27 creatures vanquished.

Notes
Turn   | Place    | Note
-------+----------+-------------------------------------------
     0 | D:1      | Tirrikindir the Octopode Fighter began the quest for the
                  | Orb.
     0 | D:1      | Reached XP level 1. HP: 16/16 MP: 1/1
   305 | D:1      | Reached XP level 2. HP: 21/21 MP: 2/2
   444 | D:1      | Reached skill level 1 in Stealth
   633 | D:1      | Found a broken altar of Ashenzari.
  1142 | D:2      | Reached XP level 3. HP: 24/26 MP: 3/3
  1431 | D:2      | Found a broken altar of Ashenzari.
  1448 | D:2      | Slain by a worm

Illustrated notes

Levels and vault maps discovered:
D:1:      elethiomel_arrival_shortcut, layout_basic, evilmike_ruin_ashenzari
D:2:      layout_rooms, old_standard_altar

Skill      XL: |  1  2 |
---------------+-------+-----
Stealth        | 1 |  1.5
Fighting       | |  3.2
Long Blades    | |  2.6
Dodging        | |  3.2
Shields        | |  3.2

Action                   || total
-------------------------++-------
Melee: Long sword        ||    63
       Constrict         ||    12
       Tentacles         ||     9
  Use: Scroll            ||     4
       Potion            ||     1
 Stab: Sleeping          ||     4
       Distracted        ||     1
Armor: Skin              ||     5
Dodge: Dodged            ||    40
Block: Kite shield       ||    32
       Rpst.: Long sword ||     9
